 Dungeon Crawl Stone Soup version 0.30.0-29-ga12c61a403 (webtiles) character file.

Game seed: 6791610469880536222

110 seaoflcl the Shield-Bearer (level 4, -2/41 HPs)
             Began as a Minotaur Fighter on June 5, 2023.
             Slain by a gnoll
             ... wielding a +0 halberd
              (9 damage)
             ... on level 3 of the Dungeon.
             The game lasted 00:02:18 (1005 turns).

seaoflcl the Shield-Bearer (Minotaur Fighter)       Turns: 1005, Time: 00:02:19

Health: -2/41      AC:  8    Str: 22    XL:     4   Next: 61%
Magic:  3/3        EV:  9    Int:  5    God:
Gold:   93         SH:  4    Dex: 10    Spells: 3/3 levels left

rFire   . . .        a - +0 long sword
rCold   . . .        c - +0 buckler
rNeg    . . .        b - +0 scale mail
rPois   .            (helmet restricted)
rElec   .            (no cloak)
rCorr   .            h - +0 pair of gloves
SInv    .            (no boots)
Will    .....        (no amulet) Stlth
                     (no ring)
HPRegen 0.26/turn    (no ring)
MPRegen 0.08/turn

%: no passive effects
@: no status effects
A: horns 2, retaliatory headbutt
a: no special abilities


You were on level 3 of the Dungeon.
You visited 1 branch of the dungeon, and saw 3 of its levels.

You collected 93 gold pieces.

Inventory:

Hand Weapons
 a - a +0 long sword (weapon)
Armour
 b - a +0 scale mail (worn)
 c - a +0 buckler (worn)
 h - a +0 pair of gloves (worn)
Scrolls
 e - a scroll of teleportation {unknown}
 f - 3 scrolls of brand weapon {unknown}
 g - a scroll of blinking {unknown}
 i - 2 scrolls of poison {unknown}
 k - a scroll of butterflies {unknown}
 l - 4 scrolls of identify {unknown}
 n - a scroll of immolation {unknown}
 o - a scroll of vulnerability {unknown}
 p - a scroll of noise {unknown}
 q - 2 scrolls of torment {unknown}
Potions
 d - 2 potions of might
 j - a potion of magic {unknown}
 m - a potion of curing {unknown}
 r - a potion of flight {unknown}


   Skills:
 + Level 4.3 Fighting
 * Level 4.1 Long Blades
 + Level 4.3 Armour
 + Level 4.3 Shields


You had 3 spell levels left.
You didn't know any spells.
Your spell library was empty.

Dungeon Overview and Level Annotations

Branches:
Dungeon (3/15)

Altars:


Innate Abilities, Weirdness & Mutations

You have a pair of horns on your head.
You reflexively headbutt those who attack you in melee.


Message History

a +0 flail; an orc corpse; a rat corpse
Items here: ))) [[ †.
Things that are here:
a +0 flail; a +0 scale mail; an orc corpse You feel a little less mighty now.
Items here: ))) [[ †.
Okay, then.
Things that are here:
a +0 flail; a +0 scale mail; an orc corpse
Okay, then.
Things that are here:
a +0 war axe; an orc corpse A goblin comes into view.
It is wielding a +0 dagger.
The goblin shouts!
You hear a shout! x2
You see here 13 gold pieces.
A kobold comes into view. It is wielding a +0 dagger.
A gnoll comes into view. It is wielding a +0 flail.
You barely miss the goblin. You headbutt the goblin.
You kill the goblin!
Things that are here:
a +0 dagger; 14 gold pieces; a goblin corpse A kobold comes into view.
It is wielding a +0 short sword.
The gnoll barely misses you.
The kobold shouts!
You hit the gnoll. Your headbutt misses the gnoll.
The gnoll is heavily wounded.
The kobold hits you with a +0 dagger. The gnoll hits you with a +0 flail.
* * * LOW HITPOINT WARNING * * *
The kobold attacks as you move away! The kobold closely misses you.
The gnoll hits you with a +0 flail.
* * * LOW HITPOINT WARNING * * *
There is a stone staircase leading up here.
A gnoll comes into view. It is wielding a +0 halberd.
The kobold attacks as you move away! The kobold hits you but does no damage.
The gnoll shouts!
The kobold attacks as you move away! The kobold hits you but does no damage.
You barely miss the kobold. The kobold hits you with a +0 dagger.
* * * LOW HITPOINT WARNING * * *
The gnoll hits you from afar with a +0 halberd!
You die...

♣.# ♣.# # ♣.#
#####.# ♣.###.)..<#
♣♣#.#)..###.# ##♣
♣..).)†## ..
##..♣♣#.....# ...
......#..$..## ...
...$......#@.# .#
........K.##K##.###
#
.#.#.#..<.g.g......#
........####....##..
.#.#.#$.# ##......
........# #..##..
.#.#.#... ..# .
........# ..#
.#.#.#... ...


You could see a gnoll and a kobold.

Vanquished Creatures
  An orc wizard (D:3)
  4 adders
  A dart slug (D:3)
  4 orcs (D:3)
  3 ball pythons
  3 endoplasms
  3 giant cockroaches (D:2)
  3 goblins
  5 hobgoblins
  5 quokkas
  2 bats (D:1)
  2 frilled lizards (D:2)
  3 kobolds (D:1)
  6 rats
45 creatures vanquished.

Notes
Turn   | Place    | Note
-------+----------+-------------------------------------------
     0 | D:1      | seaoflcl the Minotaur Fighter began the quest for the Orb.
     0 | D:1      | Reached XP level 1. HP: 19/19 MP: 0/0
   153 | D:1      | Reached XP level 2. HP: 21/27 MP: 1/1
   359 | D:1      | You fall into a shaft and drop 1 floor!
   515 | D:2      | Reached XP level 3. HP: 33/33 MP: 2/2
   940 | D:3      | Reached XP level 4. HP: 28/40 MP: 3/3
  1005 | D:3      | Slain by a gnoll

Illustrated notes

Levels and vault maps discovered:
D:1:      reono_arrival_mine, layout_rooms
D:2:      layout_rooms
D:3:      layout_rooms, tgw_trog, cheibrodos_sewer_entry_bend, serial_glass,
          glass_columns_c, glass_columns_a, gammafunk_ghost_cemetery,
          shapermc_ecumenical_altar_totnotflames, amcnicky_mini_corridor_feature

Skill      XL: |  1  2  3  4 |
---------------+-------------+-----
Long Blades    | 3 4 |  4.1
Fighting       | 4 |  4.3
Armour         | 4 |  4.3
Shields        | 4 |  4.3

Action                     |  1- 3 |  4- 6 || total
---------------------------+-------+-------++-------
  Melee: Long sword        |    88 |    14 ||   102
         Headbutt          |    12 |     1 ||    13
    Use: Potion            |       |     1 ||     1
 Armour: Scale mail        |    35 |    13 ||    48
  Dodge: Dodged            |    51 |    22 ||    73
  Block: Buckler           |    21 |     6 ||    27
